 Dungeon Crawl Stone Soup version 0.25-a0-1133-g93ebf739aa (webtiles) character file.

Game seed: 1938492833201597842, levelgen mode: deterministic

193 vurker the Chucker (level 5, -3/55 HPs)
             Began as an Ogre Hunter on May 21, 2020.
             Slain by an ogre
             ... wielding a +0 giant club
              (22 damage)
             ... on level 4 of the Dungeon.
             The game lasted 00:04:51 (4185 turns).

vurker the Chucker (Ogre Hunter)                    Turns: 4185, Time: 00:04:52

Health: -3/55      AC:  3    Str: 17    XL:     5   Next: 72%
Magic:  5/5        EV: 10    Int: 12    God:
Gold:   93         SH:  0    Dex:  9    Spells: 4/4 levels left

rFire    . . .     SeeInvis .   a - +0 short sword
rCold    . . .     Gourm    .   (no shield)
rNeg     . . .     Faith    .   b - +0 robe
rPois    .         Spirit   .   (helmet restricted)
rElec    .         Reflect  .   l - scarf {repulsion}
rCorr    .         Harm     .   (gloves unavailable)
MR       .....                  (boots unavailable)
Stlth    +.........             (no amulet)
HPRegen  0.18/turn              (no ring)
MPRegen  0.09/turn              (no ring)

@: lethally poisoned (-3 -> -4), repel missiles
A: large, unfitting armour, tough skin 1
a: no special abilities


You were on level 4 of the Dungeon.
You were hungry.

You visited 1 branch of the dungeon, and saw 4 of its levels.

You collected 93 gold pieces.

Inventory:

Hand Weapons
 a - a +0 short sword (weapon)
 i - a +0 club
   (You took it off a kobold on level 1 of the Dungeon)
Missiles
 c - 5 large rocks (quivered)
 d - 2 throwing nets
Armour
 b - a +0 robe (worn)
 l - a scarf of repulsion (worn)
   (You found it on level 1 of the Dungeon)
Scrolls
 f - 2 scrolls of remove curse
 g - 2 scrolls of identify
 h - a scroll of immolation {unknown}
 j - a scroll of blinking {unknown}
 m - 2 scrolls of enchant armour {unknown}
 n - a scroll of fear {unknown}
 q - a scroll of enchant weapon {unknown}
 s - a scroll of teleportation {unknown}
Potions
 k - a potion of lignification {unknown}
 o - a potion of ambrosia {unknown}
 p - a potion of brilliance {unknown}
 r - a potion of heal wounds
Comestibles
 e - 5 rations


   Skills:
 + Level 4.6 Fighting
 * Level 3.0 Maces & Flails
 + Level 4.9 Throwing
 - Level 1.7 Dodging
 - Level 0.6 Stealth


You had 4 spell levels left.
You didn't know any spells.
Your spell library was empty.

Dungeon Overview and Level Annotations

Branches:
Dungeon (4/15)
 Temple: D:4-7

Altars:
Gozag
The Shining One

Annotations:
D:3 3 runed translucent doors, PIKKUHERKKO's ghost, amateur HOMo


Innate Abilities, Weirdness & Mutations

You are too large for most types of armour.
You have tough skin. (AC +1)


Message History

The worker ant poisons you!
You feel sick.
You feel sick.
You feel sick.
Okay, then.
You feel sick. The worker ant bites you.
* * * LOW HITPOINT WARNING * * *
You feel sick. The worker ant barely misses you.
You hit the worker ant but do no damage.
You feel sick.
The worker ant bites you but does no damage.
You closely miss the worker ant. The worker ant bites you.
* * * LOW HITPOINT WARNING * * *
Aim: a worker ant (moderately wounded, chance to defeat MR: 54%)
The worker ant suddenly stops moving!
You feel sick.
You feel sick.
Okay, then.
As you read the scroll labeled VEPPAA LUHAMM, it crumbles to dust.
You feel blessed for a moment.
It was a scroll of remove curse.
As you read the scroll labeled TIROUZ QUBOQ, it crumbles to dust.
It is a scroll of identify.
r - 2 potions of heal wounds You feel sick.
Okay, then.
Okay, then.
You feel much better.
Unknown command.
You feel sick.
The helpless worker ant fails to defend itself.
You hit the worker ant.
The helpless worker ant fails to defend itself.
You hit the worker ant.
The helpless worker ant fails to defend itself.
You hit the worker ant.
You feel sick.
The helpless worker ant fails to defend itself.
You hit the worker ant.
You kill the worker ant!
Your Maces & Flails skill increases to level 3!
You hit the orc but do no damage.
You feel sick. The orc hits you with a +0 flail!
* * * LOW HITPOINT WARNING * * *
You puncture the orc!
You kill the orc!
Aim: an ogre, wielding a +0 giant club (chance to defeat MR: 46%)
The ogre resists with some effort.
The now-empty wand crumbles to dust.
The ogre hits you but does no damage.
You barely miss the ogre. The ogre closely misses you.
You hit the ogre but do no damage.
You feel sick.
The ogre hits you with a +0 giant club!!
You die...

######## #....>.# ### #
#
####......###.####.#...#
.........).##.oO@.....#
##########..#.####.####
##.#.# # #.oO# ##'###
###..##.....#
#.....'.....#
#.....#.....#
#.....#.....#
####..#.....#


You could see an ogre and an orc.

Vanquished Creatures
  An orc priest (D:2)
  Jessica (D:2)
  A centaur skeleton (D:4)
  A worker ant (D:4)
  3 adders
  A worm (D:2)
  A dart slug (D:1)
  A leopard gecko (D:2)
  7 orcs
  A ball python (D:3)
  2 giant cockroaches
  4 goblins
  4 hobgoblins
  6 jackals
  3 bats
  6 frilled lizards
  5 kobolds
  4 rats
52 creatures vanquished.

Vanquished Creatures (others)
  4 fungi (D:3)
4 creatures vanquished.

Grand Total: 56 creatures vanquished

Notes
Turn   | Place    | Note
-------+----------+-------------------------------------------
     0 | D:1      | vurker the Ogre Hunter began the quest for the Orb.
     0 | D:1      | Reached XP level 1. HP: 22/22 MP: 1/1
    75 | D:1      | Reached XP level 2. HP: 6/31 MP: 2/2
  1022 | D:2      | Found an opulent altar of Gozag.
  1124 | D:2      | Reached skill level 1 in Maces & Flails
  1124 | D:2      | Reached XP level 3. HP: 26/37 MP: 3/3
  1755 | D:2      | Noticed Jessica
  1765 | D:2      | Killed Jessica
  1765 | D:2      | Reached XP level 4. HP: 13/48 MP: 4/4
  3045 | D:3      | Reached XP level 5. HP: 15/54 MP: 5/5
  3535 | D:3      | Found a runed translucent gate.
  3535 | D:3      | Found a runed translucent gate.
  3535 | D:3      | Noticed a big kobold
  3556 | D:3      | Found a runed translucent gate.
  3687 | D:3      | Found a glowing golden altar of the Shining One.
  3774 | D:3      | Noticed PIKKUHERKKO's ghost (amateur HOMo)
  3774 | D:3      | Noticed a big kobold
  4098 | D:4      | Paralysed by an orc for 2 turns
  4144 | D:4      | Noticed an ogre
  4185 | D:4      | Slain by an ogre

Illustrated notes

Levels and vault maps discovered:
D:1:      lightli_arrival_isolated_outpost, layout_loops_ring
D:2:      layout_basic, first_ration, grunt_gozag_breadcrumbs, uniq_jessica
D:3:      layout_rooms, gammafunk_ghost_nasty_kobolds, tso_altar
D:4:      layout_basic, nicolae_overflow_crystal_walls, uniq_blork_the_orc

Skill      XL: |  1  2  3  4  5 |
---------------+----------------+-----
Fighting       | 3 4 |  4.6
Maces & Flails | 1 2 3 |  3.0
Throwing       | |  4.9
Dodging        | |  1.7
Stealth        | |  0.6

Action                   |  1- 3 |  4- 6 || total
-------------------------+-------+-------++-------
Melee: Short sword       |   126 |   171 ||   297
Throw: Large rock        |       |     3 ||     3
Evoke: Wand              |       |     2 ||     2
  Use: Scroll            |       |     2 ||     2
       Potion            |       |     1 ||     1
 Stab: Distracted        |     1 |       ||     1
       Paralysed         |       |     4 ||     4
       Sleeping          |       |     1 ||     1
  Eat: Chunk             |     2 |     8 ||    10
Armor: Robe              |    42 |    54 ||    96
Dodge: Dodged            |    71 |   100 ||   171
       Repelled          |     1 |     2 ||     3

Table legend:
 A = Non-vault XP
 B = Vault XP
 C = Vault XP percentage of total XP
 D = Non-vault monster count
 E = Vault monster count
 F = Vault count percentage of total count
                 A         B        C        D         E       F
            +---------+---------+-------+---------+---------+-------
      Total |     240 |      37 |  13.4 |      51 |       1 |   1.9
            +---------+---------+-------+---------+---------+-------
        D:1 |      29 |       0 |   0.0 |      19 |       0 |   0.0
        D:2 |      82 |      37 |  31.1 |      13 |       1 |   7.1
        D:3 |      53 |       0 |   0.0 |      15 |       0 |   0.0
        D:4 |      76 |       0 |   0.0 |       4 |       0 |   0.0
            +---------+---------+-------+---------+---------+-------
